 Dungeon Crawl Stone Soup version bcrawl-1.39.1 (webtiles) character file.

Game seed: 10762910313132055554

125599 Finalfun the Skirmisher (level 3, -1/33 HPs)
             Began as a Centaur Spelunker on Sept 26, 2023.
             Killed by nerve-wracking pain
             ... invoked by Jessica
              (14 damage)
             ... on level 1 of the Dungeon.
             The game lasted 00:05:05 (889 turns).

Finalfun the Skirmisher (Centaur Spelunker)          Turns: 889, Time: 00:05:05

Health: -1/33      AC:  5    Str: 17    XL:     3   Next: 16%
Magic:  6/6        EV:  8    Int: 12    God:
Gold:   39         SH:  0    Dex:  8    Spells: 3/6 levels left

rFire    . . .     GDR:     19% a - +1 dagger
rCold    . . .     SeeInvis .   (no shield)
rNeg     . . .     Gourm    .   b - +0 leather armour
rPois    .         Faith    .   h - +1 hat
rElec    .         Spirit   .   (no cloak)
rCorr    .         Reflect  .   (no gloves)
MR       .....                  (no barding)
Stlth    +.........             (no amulet)
HPRegen  0.15/turn              (no ring)
MPRegen  0.10/turn              (no ring)

@: slowed
A: large, hooves 3, deformed body, herbivore, speed 2, tough skin 3
a: no special abilities


You were on level 1 of the Dungeon.
You were not hungry.

You visited 1 branch of the dungeon, and saw 2 of its levels.

You collected 39 gold pieces.

Inventory:

Hand Weapons
 a - a +1 dagger (weapon)
Missiles
 k - 156 arrows
 l - 183 stones (quivered)
 m - 28 needles of confusion
Armour
 b - a +0 leather armour (worn)
 c - a +0 robe
 h - a +1 hat (worn)
 q - a +0 scale mail
Jewellery
 p - an uncursed amulet of guardian spirit {unknown}
Wands
 d - a wand of digging (10)
Scrolls
 f - a scroll of noise
 n - a scroll of teleportation
Potions
 i - a potion of brilliance {unknown}
 j - 3 potions of cancellation
 o - a potion of flight {unknown}
Miscellaneous
 g - a lamp of fire
Comestibles
 e - 4 rations {!d}


   Skills:
 + Level 3.7 Fighting
 - Level 2.0 Short Blades
 - Level 2.1 Stealth
 - Level 2.0 Spellcasting
 - Level 1.7 Hexes
 - Level 1.7 Transmutations
 - Level 2.0 Earth Magic
 - Level 2.0 Evocations


You had 3 spell levels left.
You knew the following spells:

 Your Spells              Type           Power        Failure   Level  Hunger
a - Corona                Hex            #......      16%         1    None
b - Passwall              Tmut/Erth      #.......     24%         2    ##.....
Your spell library was empty.

Dungeon Overview and Level Annotations

Branches:
Dungeon (2/12)

Altars:

Annotations:
D:1 Jessica


Innate Abilities, Weirdness & Mutations

You have hooves in place of feet.
Armour fits poorly on your strangely shaped body.
You are a herbivore.
You cover ground very quickly.
You have extremely tough skin. (AC +3)


Message History

You hear some strange, mumbled words.
You feel yourself slow down.
You closely miss something. Something hits you but does no damage.
You hear some strange, mumbled words.
Pain shoots through your body!
You hit something but do no damage.
Something hits you but does no damage. x2
You hit something. Something hits you but does no damage.
You hear some strange, mumbled words.
Something tries to affect you, but you resist.
You barely miss something. Something hits you.
Something hits you but does no damage.
You hit something. Something hits you but does no damage. Something hits you.
You barely miss something. Something hits you.
Something hits you but does no damage.
You miss something. Your kick misses something.
You hear some strange, mumbled words.
You hear some strange, mumbled words.
Something tries to affect you, but you resist.
Pain shoots through your body!
You die...

##################
##########.)......†........
#.........@...............#
#.######################...
#.# #...# #... #÷# #...#
#... #.# #...# #... #.#
#...# #... #.# #...# #...
#.###########...### ####
#.................#########


There were no monsters in sight!

Vanquished Creatures
  A worm (D:1)
  A dart slug (D:1)
  2 leopard geckos (D:1)
  3 giant cockroaches (D:1)
  A goblin (D:1)
  2 hobgoblins (D:1)
  6 jackals (D:1)
  3 bats (D:1)
  3 kobolds (D:1)
  3 rats (D:1)
25 creatures vanquished.

Notes
Turn   | Place    | Note
-------+----------+-------------------------------------------
     0 | D:1      | Finalfun the Centaur Spelunker began the quest for the Orb.
     0 | D:1      | Reached XP level 1. HP: 17/17 MP: 3/3
   166 | D:1      | Reached XP level 2. HP: 17/25 MP: 5/5
   328 | D:1      | Reached skill level 3 in Fighting
   554 | D:1      | Reached XP level 3. HP: 31/31 MP: 6/6
   830 | D:2      | Noticed Jessica
   889 | D:1      | Killed from afar by Jessica

Skill      XL: |  1  2 |
---------------+-------+-----
Short Blades   | 2 |  2.0
Fighting       | 3 |  3.7
Stealth        | |  2.1
Spellcasting   | |  2.0
Hexes          | |  1.7
Transmutations | |  1.7
Earth Magic    | |  2.0
Evocations     | |  2.0

Action                   || total
-------------------------++-------
Melee: Dagger            ||    98
       Kick              ||    22
Throw: Stone             ||    47
  Use: Scroll            ||     3
  Eat: Ration            ||     1
Armor: Leather armour    ||    40
Dodge: Dodged            ||    45
